 Seeded DCSS version 0.28-a0-1227-ga9037bb4c8 (webtiles) character file.

Game seed: 20211222 (custom seed)

181 flotson the Ducker (level 5, -4/36 HPs)
             Began as a Demonspawn Gladiator on Dec 22, 2021.
             Killed by nerve-wracking pain
             ... invoked by Grinder
              (14 damage)
             ... on level 3 of the Dungeon.
             The game lasted 00:04:12 (2948 turns).

flotson the Ducker (Demonspawn Gladiator)           Turns: 2948, Time: 00:04:12

Health: -4/36      AC:  8    Str: 13 (16) XL:     5   Next: 34%
Magic:  5/5        EV:  6    Int:  6 (9)  God:
Gold:   168        SH: 15    Dex: 13 (15) Spells: 4/4 levels left

rFire   . . .      SeeInvis .   a - +0 war axe
rCold   + . .      Faith    .   i - +0 tower shield
rNeg    . . .      Spirit   .   f - +0 ring mail
rPois   .          Reflect  .   c - +0 helmet
rElec   .          Harm     .   (no cloak)
rCorr   .          Rampage  .   (no gloves)
Will    .....                   (no boots)
Stlth   +.........              (no amulet)
HPRegen 0.12/turn               (no ring)
MPRegen 0.09/turn               (no ring)

@: flying
A: spiny 1, sharp scales 2, condensation shield, cold resistance 1, frail 1
a: no special abilities


You were on level 3 of the Dungeon.
You visited 1 branch of the dungeon, and saw 3 of its levels.

You collected 168 gold pieces.

Inventory:

Hand Weapons
 a - a +0 war axe (weapon)
 b - a +0 hunting sling
Missiles
 d - 3 throwing nets (quivered)
 r - 23 sling bullets
Armour
 c - a +0 helmet (worn)
 f - a +0 ring mail (worn)
 i - a +0 tower shield (worn)
Jewellery
 m - a ring of flight
Wands
 p - a wand of digging (5)
Scrolls
 h - 2 scrolls of teleportation {unknown}
 j - 3 scrolls of enchant weapon {unknown}
 l - a scroll of vulnerability {unknown}
Potions
 e - a potion of mutation
 g - 2 potions of flight
 o - a potion of curing {unknown}
 q - a potion of lignification {unknown}


   Skills:
 + Level 3.0 Fighting
 - Level 2.6 Axes
 + Level 2.7 Throwing
 + Level 1.7 Armour
 + Level 3.3 Dodging
 + Level 1.5 Shields
 + Level 1.2 Evocations


You had 4 spell levels left.
You didn't know any spells.
Your spell library contained the following spells:

 Spells                   Type           Power      Damage    Failure   Level
 Corpse Rot               Necr/Air       0%         N/A       100%        2
 Poisonous Vapours        Pois/Air       0%         N/A       100%        2


Dungeon Overview and Level Annotations

Branches:
Dungeon (3/15)

Altars:

Annotations:
D:3 Grinder


Innate Abilities, Weirdness & Mutations

You are partially covered in sharp spines.
You are mostly covered in razor-sharp scales. (AC +2, Slay +2)
A meltable shield of frost defends you. (SH +4)
Your flesh is cold resistant. (rC+)
You are frail. (-10% HP)


Message History

The sling bullet closely misses Grinder.
You block Grinder's attack. Grinder hits you but does no damage.
Unknown command.
You shoot a sling bullet.
The sling bullet closely misses Grinder.
Grinder is struck by your spines. Grinder hits you.
You writhe in agony.
Unknown command.
You shoot a sling bullet.
The sling bullet closely misses Grinder.
Grinder gestures at you.
You suddenly lose the ability to move!
Grinder hits you. Grinder gestures at you. Pain shoots through your body!
Grinder says, "There's only one good use for a tongue: cutting it out."
Grinder hits you.
You writhe in agony.
You can move again.
Unknown command.
a - a +0 war axe (weapon)
Okay, then.
You closely miss Grinder.
Grinder is lightly wounded.
You block Grinder's attack. Grinder gestures at you.
Pain shoots through your body!
* * * LOW HITPOINT WARNING * * *
Unknown command.
It was a potion of flight.
You feel very buoyant.
You fly up into the air.
Grinder blinks!
It was a potion of mutation.
You feel extremely strange.
You feel frail.
You feel resistant to cold.
Unknown command.
You block the kobold's attack.
Grinder blinks!
It was a potion of degeneration.
There was something very wrong with that liquid.
You feel weakened.
You feel dopey.
You feel clumsy. Grinder gestures at you. Pain shoots through your body!
You die...

#. #. #. #( ####
#5 #.. #. #.#
#ยง###.##
#...K5.# #####@.#
#..# ####..###
##.##....#
##.#.##.#.#####
###.###..........
#....#.##.#......
#.###.###.#######
#.# ### #.#


You could see Grinder and a kobold.

Vanquished Creatures
  A black bear (D:3)
  3 adders
  A worm (D:3)
  A dart slug (D:3)
  4 orcs
  7 ball pythons
  5 endoplasms
  5 giant cockroaches
  5 goblins
  3 hobgoblins
  2 jackals (D:2)
  4 quokkas
  6 bats
  2 frilled lizards
  2 kobolds
  3 rats
54 creatures vanquished.

Notes
Turn   | Place    | Note
-------+----------+-------------------------------------------
     0 | D:1      | flotson the Demonspawn Gladiator began the quest for the
                  | Orb.
     0 | D:1      | Reached XP level 1. HP: 16/16 MP: 1/1
   236 | D:1      | Gained mutation: A meltable shield of frost defends you.
                  | (SH +4) [demonic ancestry]
   236 | D:1      | Reached XP level 2. HP: 22/22 MP: 2/2
  1104 | D:2      | Reached skill level 1 in Armour
  1104 | D:2      | Gained mutation: You are partially covered in razor-sharp
                  | scales. (AC +1, Slay +1) [demonic ancestry]
  1104 | D:2      | Reached XP level 3. HP: 18/28 MP: 3/3
  2216 | D:3      | Reached skill level 1 in Shields
  2216 | D:3      | Gained mutation: You are mostly covered in razor-sharp
                  | scales. (AC +2, Slay +2) [demonic ancestry]
  2216 | D:3      | Reached XP level 4. HP: 9/34 MP: 4/4
  2627 | D:3      | Noticed a black bear
  2634 | D:3      | Killed a black bear
  2635 | D:3      | Reached skill level 1 in Evocations
  2635 | D:3      | Gained mutation: You are partially covered in sharp spines.
                  | [demonic ancestry]
  2635 | D:3      | Reached XP level 5. HP: 37/41 MP: 5/5
  2926 | D:3      | Noticed Grinder
  2928 | D:3      | Paralysed by Grinder for 6 turns
  2938 | D:3      | Paralysed by Grinder for 3 turns
  2944 | D:3      | Gained mutation: You are frail. (-10% HP) [potion of
                  | mutation]
  2944 | D:3      | Gained mutation: Your flesh is cold resistant. (rC+)
                  | [potion of mutation]
  2948 | D:3      | Killed from afar by Grinder

Illustrated notes

Levels and vault maps discovered:
D:1:      heliophobic_arrival_battle_scene, layout_basic
D:2:      minmay_door_path, layout_loops_corners
D:3:      layout_loops_ring, basic_ecumenical_altar, uniq_grinder

Skill      XL: |  1  2  3  4 |
---------------+-------------+-----
Throwing       | 2 |  2.7
Armour         | 1 |  1.7
Dodging        | 3 |  3.3
Shields        | 1 |  1.5
Fighting       | 3 |  3.0
Evocations     | 1 |  1.2
Axes           | |  2.6

Action                   |  1- 3 |  4- 6 || total
-------------------------+-------+-------++-------
Melee: War axe           |    81 |    30 ||   111
 Fire: Hunting sling     |    40 |    16 ||    56
  Use: Potion            |       |     3 ||     3
 Stab: Sleeping          |     2 |       ||     2
Armor: Ring mail         |    35 |     8 ||    43
       Leather armour    |     3 |       ||     3
Dodge: Dodged            |    46 |     4 ||    50
Block: Buckler           |    16 |       ||    16
       Tower shield      |    53 |    34 ||    87
       Other             |     3 |       ||     3

Table legend: (Time is in decaauts)
 A = Elapsed time spent in this place.
 B = Non-inter-level travel time spent in this place.
 C = Inter-level travel time spent in this place.
 D = Time resting spent in this place.
 E = Time spent auto-exploring this place.
 F = Levels seen in this place.
 G = Mean time per level.
                   A        B        C        D        E       F      G
               +--------+--------+--------+--------+--------+-----+--------+
         Total |   3047 |   2949 |     98 |      0 |   2438 |   3 | 1015.7 |
       Dungeon |   3047 |   2949 |     98 |      0 |   2438 |   3 | 1015.7 |
               +--------+--------+--------+--------+--------+-----+--------+

Top non-repeatable levels by time:
     D:2: 1439 daAuts
     D:1: 1056 daAuts
     D:3: 551 daAuts
